Map: Frost LE

Players

lIlIlIlIlIlI - Winner!

  • Race: Zerg Zerg
  • League: Grandmaster

Miszu

  • Race: Zerg Zerg
  • League: Master

VOD

Have the link to the VOD?

Description

Time

  • Played on: July 2, 2016, 4:27 p.m.
  • Length: 10:27
Show
View Real Time Build Order
Export as new Build Order

lIlIlIlIlIlI Zerg - Winner!

Build Orders: Hatch First, Lurkers 

Get SALT Encoding   

  12  0:00  Drone  
  13  0:08  Drone  
  14  0:16  Overlord  
  14  0:23  Extractor  
  14  0:24  Drone  
  15  0:35  Drone  
  15  0:36  Drone  
  17  0:54  Hatchery  
  16  0:57  Drone  
  16  1:01  Drone  
  18  1:11  Extractor  
  18  1:17  Spawning Pool  
  16  1:20  Drone  
  16  1:23  Drone  
  18  1:26  Drone  
  19  1:38  Overlord  
  19  1:50  Drone  
  20  2:02  Drone  
  20  2:03  Queen  
  20  2:06  Queen  
  20  2:07  Drone  
  26  2:12  Drone  
  27  2:18  Drone  
  28  2:24  Zergling x2  
  28  2:28  Overlord  
  29  2:33  Drone  
  30  2:40  Zergling x2  
  31  2:47  Lair  
  31  2:54  Drone x3  
  34  3:00  Evolution Chamber  
  33  3:12  Drone x3  
  36  3:15  Drone  
  36  3:16  Drone x5  
  41  3:29  Roach Warren  
  41  3:31  Evolution Chamber  
  41  3:33  Spine Crawler  
  37  3:47  Spine Crawler  
  36  3:52  Spire, Drone x8  
  45  4:04  Extractor x2  
  45  4:05  Overlord  
  45  4:09  Overlord  
  43  4:10  Glial Reconstitution  
  43  4:12  Overlord  
  43  4:22  Drone  
  43  4:23  Overlord  
  44  4:27  Extractor  
  44  4:29  Drone x3  
  46  4:32  Drone x3  
  49  4:43  Drone x2  
  50  5:04  Mutalisk  
  50  5:05  Mutalisk x2  
  50  5:06  Mutalisk  
  58  5:11  Hatchery  
  57  5:15  Drone  
  57  5:18  Mutalisk  
  60  5:27  Mutalisk  
  62  5:28  Overlord  
  62  5:29  Overlord  
  62  5:30  Overlord x2  
  62  5:39  Zerg Missile Weapons Level 1  
  62  5:40  Overlord  
  62  5:41  Drone  
  62  5:42  Drone x4  
  66  5:49  Zergling x2  
  67  5:50  Zergling x2  
  67  5:54  Mutalisk x2  
  72  6:05  Extractor  
  72  6:08  Extractor  
  70  6:13  Mutalisk x2  
  70  6:21  Mutalisk  
  72  6:32  Mutalisk  
  74  6:40  Hatchery  
  74  6:42  Mutalisk  
  74  6:45  Drone x6  
  74  6:46  Queen x2  
  81  6:53  Mutalisk  
  81  6:56  Drone x4  
  85  7:07  Hydralisk Den  
  84  7:08  Drone x3  
  84  7:13  Overlord  
  84  7:15  Drone x3  
  90  7:35  Overlord  
  90  7:38  Lurker Den  
  90  7:42  Roach x7  
  104  7:53  Roach x3  
  104  7:54  Queen  
  108  8:05  Extractor, Roach x3  
  113  8:06  Zerg Missile Weapons Level 2  
  113  8:10  Roach x3  
  119  8:19  Roach x5  
  125  8:30  Roach x2  
  125  8:31  Overlord  
  129  8:34  Spine Crawler  
  129  8:36  Spine Crawler  
  129  8:39  Spine Crawler  
  129  8:40  Overlord x2  
  126  8:42  Roach x2  
  128  8:51  Hydralisk x5  
  138  8:58  Roach x6  
  150  9:06  Overlord x2  
  150  9:07  Overlord  
  150  9:08  Roach x2  
  154  9:12  Overlord  
  154  9:29  Lurker x4  
  130  9:38  Roach x2  
  130  9:39  Roach x5  
  130  9:44  Drone x4  
  142  9:54  Overlord, Lurker  
  143  10:02  Hatchery  
  143  10:03  Drone x2  
  144  10:16  Infestation Pit  
Show
View Real Time Build Order
Export as new Build Order

Miszu Zerg 

Build Orders: Hatch First 

Get SALT Encoding   

  12  0:00  Drone  
  13  0:13  Overlord  
  13  0:19  Drone  
  14  0:31  Drone x2  
  16  0:38  Drone  
  17  0:47  Drone  
  18  0:57  Hatchery  
  17  0:59  Drone  
  17  1:01  Extractor  
  17  1:15  Spawning Pool  
  17  1:17  Drone  
  17  1:20  Drone  
  18  1:30  Drone  
  19  1:42  Drone  
  20  1:50  Overlord  
  20  2:01  Queen  
  20  2:02  Metabolic Boost  
  22  2:08  Queen  
  22  2:10  Zergling x4  
  22  2:14  Zergling x2  
  27  2:20  Drone  
  28  2:24  Drone  
  29  2:30  Drone  
  29  2:34  Drone  
  31  2:39  Baneling Nest  
  31  2:41  Drone  
  31  2:44  Drone  
  32  2:53  Drone  
  33  2:59  Hatchery  
  32  3:07  Drone x3  
  35  3:15  Drone  
  35  3:18  Overlord  
  36  3:32  Lair  
  35  3:36  Drone x2, Evolution Chamber  
  35  3:37  Roach Warren  
  35  3:38  Drone  
  36  3:52  Drone x6  
  42  3:55  Extractor  
  42  3:56  Extractor  
  42  3:57  Drone x2  
  42  4:02  Overlord  
  42  4:06  Zerg Missile Weapons Level 1  
  42  4:14  Drone x3  
  42  4:15  Drone  
  46  4:21  Queen  
  48  4:27  Drone x3  
  48  4:29  Drone  
  52  4:32  Drone x2  
  52  4:36  Glial Reconstitution  
  54  4:39  Roach  
  54  4:43  Overlord  
  56  4:46  Roach  
  57  4:55  Overlord x3  
  57  5:02  Roach  
  57  5:03  Roach x2  
  63  5:07  Roach  
  63  5:13  Roach  
  73  5:14  Roach x3  
  73  5:19  Roach x3  
  79  5:22  Overlord  
  79  5:26  Roach  
  79  5:27  Roach  
  83  5:32  Roach  
  83  5:33  Roach x2  
  89  5:39  Overlord  
  89  5:40  Overlord  
  89  5:42  Roach  
  91  5:43  Roach  
  91  5:46  Spore Crawler  
  91  5:49  Spore Crawler  
  91  5:52  Spore Crawler  
  90  5:57  Pneumatized Carapace  
  90  6:05  Hydralisk Den  
  90  6:06  Drone x7  
  90  6:08  Drone  
  94  6:16  Spore Crawler  
  94  6:18  Zerg Missile Weapons Level 2, Spore Crawler  
  88  6:24  Drone x3  
  87  6:26  Extractor  
  87  6:29  Extractor  
  73  6:47  Hydralisk  
  73  6:48  Hydralisk x6  
  73  6:53  Hydralisk  
  71  7:02  Hydralisk x2  
  75  7:10  Hydralisk  
  75  7:11  Hydralisk  
  75  7:14  Hydralisk  
  81  7:15  Overlord x2  
  81  7:16  Overlord  
  81  7:18  Hydralisk  
  81  7:21  Hydralisk  
  85  7:30  Hydralisk  
  85  7:31  Hydralisk  
  85  7:33  Hydralisk  
  91  7:37  Hydralisk  
  91  7:43  Roach x3  
  99  7:44  Roach  
  100  7:54  Overlord x3  
  100  8:09  Roach x7  
  114  8:19  Hydralisk x3  
  106  8:21  Hydralisk  
  106  8:24  Hydralisk  
  114  8:31  Hydralisk x2  
  118  8:38  Drone x3  
  118  8:39  Drone  
  122  9:01  Hydralisk x4  
  126  9:04  Hydralisk  
  126  9:05  Hydralisk  
  130  9:10  Hydralisk  
  130  9:11  Hydralisk  
  130  9:12  Hydralisk  
  130  9:15  Roach  
  108  9:34  Roach  
  108  9:35  Roach x8  
  114  9:41  Roach x3  
  114  9:44  Roach  
  104  9:48  Roach  
  104  9:49  Roach  
  104  9:50  Roach  
  104  9:52  Roach  
  112  9:54  Roach  
  112  9:56  Roach  
  112  9:58  Roach  
  118  10:01  Roach  
  118  10:03  Roach  
  124  10:07  Roach x2  
Tags
 
Composition
Lurkers
Matchup
ZvZ
Player
Miszu
Race
Zerg
Add a new tag
Caveats
  • Supply blocks, unpowered buildings, or Contaminate may cause inaccurate times.
  • Supply counts are checked every 10 seconds.